 Dungeon Crawl Stone Soup version 0.26.1-11-gd32895ea62 (webtiles) character file.

Game seed: 3327046462816069232

1886 Zeld the Cruncher (level 9, -8/54 HPs)
             Began as an Octopode Gladiator on May 21, 2021.
             Was a Follower of Okawaru.
             Mangled by Grum
             ... wielding a +0 spear of venom
              (19 damage)
             ... on level 6 of the Dungeon.
             The game lasted 00:09:35 (12705 turns).

Zeld the Cruncher (Octopode Gladiator)             Turns: 12705, Time: 00:09:36

Health: -8/54      AC:  1    Str: 13    XL:     9   Next: 14%
Magic:  9/9        EV: 14    Int: 10    God:    Okawaru [*.....]
Gold:   361        SH:  0    Dex: 17    Spells: 8/8 levels left

rFire    . . .     SeeInvis .   a - +0 quarterstaff
rCold    . . .     Faith    .   (shield currently unavailable)
rNeg     . . .     Spirit   .   b - +0 hat
rPois    .         Reflect  .   (no amulet)
rElec    .         Harm     .   F - ring of flight
rCorr    .         Rampage  .   m - ring of wizardry
Will     +....                  w - ring of willpower
Stlth    +++.......             (no ring)
HPRegen  0.18/turn              (no ring)
MPRegen  0.11/turn              (no ring)
                                (no ring)
                                (no ring)

@: lethally poisoned (-8 -> -46)
A: almost no armour, stealthy swim, amphibious, 8 rings, constrict 8, camouflage
1, gelatinous body 1
a: Renounce Religion, Evoke Flight, Heroism


You were on level 6 of the Dungeon.
You worshipped Okawaru.
Okawaru was aware of your devotion.
You visited 2 branches of the dungeon, and saw 7 of its levels.
You also visited: Sewer.

You collected 361 gold pieces.

Inventory:

Hand Weapons
 a - a +0 quarterstaff (weapon)
Missiles
 c - 5 throwing nets
 p - 11 poisoned darts (quivered)
 v - 4 silver boomerangs
 A - 5 javelins
 E - 8 boomerangs
Armour
 b - a +0 hat (worn)
Jewellery
 m - a ring of wizardry (right tentacle)
 w - a ring of willpower (on tentacle)
 F - a ring of flight (left tentacle)
Wands
 t - a wand of polymorph (7)
 u - a wand of random effects (9)
 G - a wand of enslavement (8)
Scrolls
 e - 6 scrolls of remove curse
 g - a scroll of blinking {unknown}
 i - a scroll of enchant armour {unknown}
 k - 3 scrolls of fog {unknown}
 l - 3 scrolls of magic mapping {unknown}
 q - 2 scrolls of amnesia {unknown}
 x - 2 scrolls of identify {unknown}
 y - 3 scrolls of immolation {unknown}
 z - a scroll of fear {unknown}
 C - 2 scrolls of teleportation {unknown}
Potions
 d - a potion of invisibility
 f - a potion of heal wounds
 h - 2 potions of magic {unknown}
 j - 2 potions of mutation {unknown}
 n - a potion of resistance {unknown}
 o - a potion of flight {unknown}
 r - a potion of ambrosia {unknown}
 s - 2 potions of attraction {unknown}
 B - 4 potions of might {unknown}
 D - a potion of curing {unknown}
 H - a potion of haste {unknown}
 I - a potion of degeneration {unknown}


   Skills:
 - Level 2.0 Fighting
 * Level 11.7 Staves
 - Level 2.0 Throwing
 - Level 3.0 Dodging


You had 8 spell levels left.
You didn't know any spells.
Your spell library contained the following spells:

 Spells                   Type           Power        Failure   Level
 Confusing Touch          Hex            0%           41%         3
 Gell's Gravitas          Tloc           0%           41%         3
 Petrify                  Tmut/Erth      0%           80%         4
 Metabolic Englaciation   Hex/Ice        0%           98%         5
 Yara's Violent Unravell  Hex/Tmut       0%           98%         5


Dungeon Overview and Level Annotations

Branches:
Dungeon (6/15)             Temple (1/1) D:5           Sewer (visited)

Altars:
Ashenzari
Cheibriados
Dithmenos
Elyvilon
Fedhas
Gozag
Hepliaklqana
Kikubaaqudgha
Nemelex Xobeh
Okawaru
Qazlal
Ru
Sif Muna
Trog
Uskayaw
Vehumet
Wu Jian
Xom
Yredelemnul
Zin
The Shining One

Shops:
D:5 (   D:6 :

Annotations:
D:6 Grum


Innate Abilities, Weirdness & Mutations

You cannot wear most types of armour.
You are very stealthy in the water. (Stealth+)
You are amphibious.
You can wear up to eight rings at the same time.
You can use your tentacles to constrict eight enemies at once.
Your skin changes colour to match your surroundings (Stealth+).
Your rubbery body absorbs attacks. (AC +1, EV +1)


Message History

Grum hits you with a +0 spear of venom!
* * * LOW HITPOINT WARNING * * *
You are poisoned.
Things that are here:
a +3 long sword; a +0 shortbow You feel much better.
You feel sick. Grum hits you with a +0 spear of venom!
You are more poisoned.
You feel sick.
Grum hits you from afar with a +0 spear of venom!
You feel sick.
You feel sick. Grum hits you with a +0 spear of venom!
* * * LOW HITPOINT WARNING * * *
You are more poisoned.
You hit Grum. You grab Grum.
Grum is lightly wounded.
You constrict Grum.
* * * LOW HITPOINT WARNING * * *
You feel sick.
Grum hits you with a +0 spear of venom!!
You die...

....... ....... .......
......# ### ......'
#.###......' #
######(..(†.....' #.
#...#..g##......# #..
##......@.##...... #..
###.................
#...##.........#.....#''#
# #............#....## .#
. ####.........##...# # .
#...###....#....# .
##.##.#...........#
....#.......####........
.##..............##..[.


You could see Grum.

Vanquished Creatures
  2 ogres
  A centaur (D:6)
  3 gnoll sergeants (D:6)
  2 bullfrogs
  A scorpion (D:5)
  5 wights
  3 howler monkeys
  9 hounds
  A jelly (D:6)
  A bullfrog zombie (D:5)
  2 gnoll shamans (D:6)
  Jessica (D:2)
  An iguana (D:4)
  Ijyb (D:5)
  2 orc wizards (D:5)
  A worker ant (D:5)
  A hound zombie (D:5)
  2 hound skeletons (D:4)
  16 gnolls
  A river rat (Sewer)
  12 adders
  A shadow imp (D:6)
  An ufetubus (D:5)
  2 oozes (D:3)
  6 leopard geckos
  4 orcs
  7 giant cockroaches
  7 goblins
  2 hobgoblins
  5 jackals
  3 quokkas
  6 ball pythons
  6 bats
  10 frilled lizards
  7 kobolds
  A leopard gecko skeleton (D:5)
  10 rats
146 creatures vanquished.

Notes
Turn   | Place    | Note
-------+----------+-------------------------------------------
     0 | D:1      | Zeld the Octopode Gladiator began the quest for the Orb.
     0 | D:1      | Reached XP level 1. HP: 14/14 MP: 1/1
   438 | D:1      | Reached XP level 2. HP: 19/19 MP: 2/2
  1542 | D:2      | Reached skill level 4 in Staves
  1915 | D:2      | Reached XP level 3. HP: 24/24 MP: 3/3
  1921 | D:2      | Reached XP level 4. HP: 29/29 MP: 4/4
  1927 | D:2      | Noticed Jessica
  1933 | D:2      | Killed Jessica
  1934 | D:2      | Reached skill level 5 in Staves
  2413 | D:2      | Reached XP level 5. HP: 28/34 MP: 5/5
  3495 | D:3      | Found a sparkling altar of Nemelex Xobeh.
  3677 | D:3      | Reached skill level 6 in Staves
  3961 | D:4      | Noticed a phantom
  4912 | D:4      | Reached XP level 6. HP: 39/39 MP: 6/6
  5228 | D:5      | Entered Level 5 of the Dungeon
  5323 | D:5      | Noticed Ijyb
  5337 | D:5      | Killed Ijyb
  5338 | D:5      | Reached skill level 7 in Staves
  5362 | D:5      | Found Ceogif's Weapon Shop.
  5506 | D:5      | Found a glowing drain.
  5521 | Sewer    | Entered a sewer
  6049 | D:5      | Found a staircase to the Ecumenical Temple.
  6059 | Temple   | Entered the Ecumenical Temple
  6221 | Temple   | Became a worshipper of Warmaster Okawaru
  6331 | D:5      | Reached XP level 7. HP: 37/45 MP: 7/7
  6398 | D:4      | Found an ornate altar of the Wu Jian Council.
  6398 | D:4      | Found a broken altar of Ashenzari.
  6713 | D:5      | Reached skill level 8 in Staves
  9165 | D:6      | Reached skill level 9 in Staves
  9498 | D:6      | Reached XP level 8. HP: 42/50 MP: 8/8
  9607 | D:6      | Reached * piety under Okawaru
 10165 | D:5      | Reached skill level 10 in Staves
 10817 | D:6      | HP: 2/50 [centaur/arrow (6)]
 11824 | D:6      | Reached skill level 11 in Staves
 12286 | D:6      | Found Yxoy's Book Boutique.
 12403 | D:6      | Reached XP level 9. HP: 32/54 MP: 9/9
 12668 | D:6      | Noticed Grum
 12705 | D:6      | Mangled by Grum

Illustrated notes

Levels and vault maps discovered:
D:1:      onia_arrival_mini_maze_b, layout_basic
D:2:      layout_basic, kennysheep_generic_room_11, uniq_jessica
D:3:      layout_loops_ring, nemelex_xobeh_ov_fountains_minmay
D:4:      layout_rooms, nicolae_overflow_hidden_temple
D:5:      layout_loops_ring, temple_green, portal_sewer_entry_d, serial_shops,
          kennysheep_mini_moat, uniq_ijyb
D:6:      layout_cave_pools, serial_gnoll_camp, gnoll_camp_huts_basic,
          gnoll_camp_medium_02, gnoll_camp_mini_shop, grums_kennel
Temple:   regret_index_temple_mists

Skill      XL: |  1  2  3  4  5  6  7  8 |
---------------+-------------------------+-----
Staves         | 4 5 6 7 9 11 | 11.7
Fighting       | |  2.0
Throwing       | |  2.0
Dodging        | |  3.0

Action                   |  1- 3 |  4- 6 |  7- 9 || total
-------------------------+-------+-------+-------++-------
Melee: Quarterstaff      |    47 |   131 |   189 ||   367
       Constrict         |    13 |    35 |    44 ||    92
       Tentacles         |     6 |    26 |    46 ||    78
  Use: Potion            |       |     1 |     4 ||     5
       Scroll            |       |     1 |       ||     1
 Stab: Sleeping          |     3 |     9 |       ||    12
       Distracted        |       |     1 |       ||     1
Armor: Skin              |     4 |     6 |     5 ||    15
Dodge: Dodged            |    31 |    94 |   166 ||   291
